 Dungeon Crawl Stone Soup version 0.31-a0-1008-g5b978da (webtiles) character file.

Game seed: 7293221743702714575

333 Partyfoot the Shield-Bearer (level 6, -1/50 HPs)
             Began as a Formicid Fighter on Nov 12, 2023.
             Slain by a lemure (6 damage)
             ... led by Pikel
             ... on level 4 of the Dungeon.
             The game lasted 00:06:15 (3084 turns).

Partyfoot the Shield-Bearer (Formicid Fighter)      Turns: 3084, Time: 00:06:16

Health: -1/50      AC: 11    Str: 22    XL:     6   Next: 82%
Magic:  6/6        EV:  9    Int: 10    God:
Gold:   218        SH:  5    Dex: 13    Spells: 5/5 levels left

rFire   . . .        i - +6 rapier of Canna {freeze, Int+2}
rCold   . . .        c - +0 buckler
rNeg    . . .        b - +0 scale mail
rPois   .            (helmet unavailable)
rElec   .            (no cloak)
rCorr   .            (no gloves)
SInv    +            (no boots)
Will    .....        m - amulet of the acrobat Stlth
                     l - +4 ring of protection
HPRegen 0.28/turn    (no ring)
MPRegen 0.10/turn

%: acrobat
@: no status effects
A: permanent stasis, dig shafts and tunnels, antennae 3, four strong arms
a: Dig, Shaft Self


You were on level 4 of the Dungeon.
You visited 1 branch of the dungeon, and saw 4 of its levels.

You collected 218 gold pieces.

Inventory:

Hand Weapons
 a - a +0 flail
 h - a +1 dagger of electrocution
 i - the +6 rapier of Canna (weapon) {freeze, Int+2}
   (You found it on level 2 of the Dungeon)

   Int+2:     It affects your intelligence (+2).
Armour
 b - a +0 scale mail (worn)
 c - a +0 buckler (worn)
Jewellery
 l - a +4 ring of protection (left hand)
 m - an amulet of the acrobat (around neck)
Scrolls
 e - 4 scrolls of identify {unknown}
 j - a scroll of noise {unknown}
 k - 2 scrolls of teleportation {unknown}
 o - a scroll of poison {unknown}
 p - a scroll of revelation {unknown}
 q - 2 scrolls of fog {unknown}
Potions
 d - 2 potions of might
 f - 2 potions of mutation {unknown}
 g - a potion of attraction {unknown}
 n - 3 potions of curing {unknown}
 r - a potion of enlightenment {unknown}
 s - a potion of invisibility {unknown}
 t - a potion of brilliance {unknown}


   Skills:
 + Level 4.8 Fighting
 + Level 3.7 Maces & Flails
 + Level 4.8 Armour
 + Level 5.8 Shields


You had 5 spell levels left.
You didn't know any spells.
Your spell library contained the following spells:

 Spells                   Type           Power      Damage    Failure   Level
 Cigotuvi's Dreadful Rot  Necr/Pois/Air  0%         N/A       86%         2
 Dispel Undead            Necr           0%         3d6       100%        4
 Death Channel            Necr           0%         N/A       100%        6


Dungeon Overview and Level Annotations

Branches:
Dungeon (4/15)
 Temple: D:4-7

Altars:

Shops:
D:3 =

Annotations:
D:4 1 transporter


Innate Abilities, Weirdness & Mutations

You cannot be hasted, slowed, berserked, paralysed or teleported.
You can dig through walls and to a lower floor.
You have a pair of large antennae on your head. (SInv)
Your four strong arms can wield two-handed weapons with a shield.


Message History

You open the door.
There is an open door here.
There is an open door here.
t - an inky potion
Found 2 stones.
e - 4 scrolls labelled QIJ LIT ORHARCHI (gained 1)
You now have 218 gold pieces (gained 13).
You see here 2 stones.
You sense a monster nearby.
A kobold comes into view. It is wielding a +0 whip.
The kobold closely misses you.
You closely miss the kobold. The kobold barely misses you.
You block the kobold's attack.
You hit the kobold. You freeze the kobold.
You kill the kobold!
No target in view!
A lemure comes into view.
The lemure moves out of view.
You sense a monster nearby.
An ogre comes into view. It is wielding a +0 giant club.
The ogre shouts!
You hear a shout!
You hit the ogre but do no damage.
The ogre hits you with a +0 giant club!!
You barely miss the ogre. The ogre hits you but does no damage.
You puncture the ogre! You freeze the ogre.
The ogre is moderately wounded.
You hit the ogre. You freeze the ogre.
The ogre is heavily wounded.
The ogre hits you with a +0 giant club! The lemure barely misses you.
You are too injured to fight recklessly!
You closely miss the ogre.
The ogre is heavily wounded.
The ogre hits you with a +0 giant club!!
* * * LOW HITPOINT WARNING * * *
You block the lemure's attack.
You puncture the ogre! You freeze the ogre.
You kill the ogre!
The lemure completely misses you.
You closely miss the lemure. The lemure hits you.
You die...

######### #.5@)...#
#.#####.# ###.# ###
##.#.#####.
##.#####...........{
#.........#).####.#
#####.########...#
.....(### ......
##......# #...###


You could see a lemure.

Vanquished Creatures
  An ogre (D:4)
  A centaur (D:4)
  A scorpion (D:3)
  4 adders
  5 dart slugs
  A worm (D:4)
  2 orcs
  7 endoplasms
  A giant cockroach (D:2)
  9 goblins
  6 hobgoblins
  4 quokkas
  10 ball pythons
  5 bats
  4 frilled lizards
  6 kobolds
  3 rats
70 creatures vanquished.

Notes
Turn   | Place    | Note
-------+----------+-------------------------------------------
     0 | D:1      | Partyfoot the Formicid Fighter began the quest for the Orb.
     0 | D:1      | Reached XP level 1. HP: 18/18 MP: 1/1
   261 | D:1      | Found a faded altar of an unknown god.
   279 | D:1      | Reached XP level 2. HP: 24/24 MP: 2/2
  1053 | D:2      | Reached XP level 3. HP: 20/29 MP: 3/3
  1186 | D:2      | Identified the +6 rapier of Canna {freeze, Int+2}
  1448 | D:2      | Identified the +3 hand axe "Pujudud" {protect, Will+}
  1573 | D:2      | Reached XP level 4. HP: 37/37 MP: 4/4
  1895 | D:3      | Noticed a scorpion
  1904 | D:3      | Killed a scorpion
  1905 | D:3      | Reached skill level 5 in Shields
  1905 | D:3      | Reached XP level 5. HP: 41/42 MP: 5/5
  2107 | D:3      | Found Coalua's Jewellery Shop.
  2454 | D:4      | Found a transporter.
  2604 | D:4      | Noticed a centaur
  2615 | D:4      | Killed a centaur
  2616 | D:4      | Reached XP level 6. HP: 45/49 MP: 6/6
  3075 | D:4      | Noticed an ogre
  3083 | D:4      | Killed an ogre
  3084 | D:4      | Slain by a lemure

Illustrated notes

Levels and vault maps discovered:
D:1:      nzn_arrival_crosshair, layout_basic, serial_forest,
          infiniplex_forest_lined_2, infiniplex_forest_lined_ring,
          infiniplex_forest_clump_diagonal, infiniplex_forest_straight_3,
          infiniplex_forest_straight_2, nicolae_ecumenical_snake_handling
D:2:      cheibrodos_greedy_goblins, layout_loops_ring, minmay_split_cup_large
D:3:      layout_basic, serial_shops, nicolae_shop_rolling_square
D:4:      gammafunk_cloud_chamber, layout_loops_corners, uniq_pikel

Skill      XL: |  1  2  3  4 |
---------------+-------------+-----
Fighting       | 4 |  4.8
Maces & Flails | 3 |  3.7
Armour         | 4 |  4.8
Shields        | 5 |  5.8

Action                     |  1- 3 |  4- 6 || total
---------------------------+-------+-------++-------
  Melee: Flail             |    14 |       ||    14
         Dagger            |    66 |       ||    66
         Rapier            |    13 |   101 ||   114
Ability: Dig               |     1 |       ||     1
 Armour: Scale mail        |    57 |    55 ||   112
  Dodge: Dodged            |    57 |    63 ||   120
  Block: Buckler           |    26 |    30 ||    56

Table legend: (Time is in decaauts)
 A = Elapsed time spent in this place.
 B = Non-inter-level travel time spent in this place.
 C = Inter-level travel time spent in this place.
 D = Time resting spent in this place.
 E = Time spent auto-exploring this place.
 F = Levels seen in this place.
 G = Mean time per level.
                   A        B        C        D        E       F      G
               +--------+--------+--------+--------+--------+-----+--------+
         Total |   3113 |   3021 |     92 |      0 |   2542 |   4 |  778.2 |
       Dungeon |   3113 |   3021 |     92 |      0 |   2542 |   4 |  778.2 |
               +--------+--------+--------+--------+--------+-----+--------+

Top non-repeatable levels by time:
     D:1: 1020 daAuts
     D:2: 873 daAuts
     D:4: 636 daAuts
     D:3: 582 daAuts
